 Dungeon Crawl Stone Soup version 0.30-b1-2-g02819fbbbe (webtiles) character file.

Game seed: 11341019129481578035

69514 foufou10 the Severer (level 14, -2/189 HPs)
             Began as a Minotaur Berserker on June 26, 2023.
             Was a High Priest of Trog.
             Slain by a deep elf knight
             ... wielding a +0 short sword
              (12 damage)
             ... on level 2 of the Elven Halls on June 29, 2023.
             The game lasted 01:37:42 (17979 turns).

foufou10 the Severer (Minotaur Berserker)          Turns: 17979, Time: 01:37:42

Health: -2/189     AC: 27    Str: 26    XL:     14   Next: 90%
Magic:  2/13       EV: 12    Int:  4    God:    Trog [*****.]
Gold:   271        SH: 13    Dex: 11    Spells: 13/13 levels left

rFire   . . .        T - +5 hand axe (heavy)
rCold   . . .        O - +2 buckler
rNeg    + . .        L - +1 plate armour of Beyond {rElec Slay+3 Stlth+}
rPois   .            (helmet restricted)
rElec   +            D - scarf {repulsion}
rCorr   .            Q - +3 Mad Mage's Maulers {Infuse+∞ VampMP -Cast}
SInv    +            E - +2 pair of boots
Will    ++++.        q - amulet of the acrobat Stlth
                     l - ring of see invisible
HPRegen 1.51/turn    M - ring of Hatraf {rN+ Slay+4 Stlth+}
MPRegen 0.13/turn

%: no spellcasting, repel missiles, acrobat, infuse magic (2 MP)
@: berserking, strong-willed (expiring), regenerating (expiring), very quick
A: horns 2, retaliatory headbutt, large bone plates 1, frail 1, strong-willed 1
a: Renounce Religion, Berserk, Trog's Hand, Brothers in Arms


You were on level 2 of the Elven Halls.
You worshipped Trog.
Trog was extremely pleased with you.
You visited 3 branches of the dungeon, and saw 17 of its levels.
You also visited: Sewer and Gauntlet.

You collected 1991 gold pieces.
You spent 1720 gold pieces at shops.

Inventory:

Hand Weapons
 a - a +1 hand axe of draining
 f - a +2 trident of protection
 t - a +0 war axe
 y - a +3 heavy executioner's axe
 z - a +5 vampiric hand axe
 A - the +8 demon blade "Leech" {evervamp, Harm Drain rN+}
   (You took it off an orc on level 2 of the Orcish Mines)

   rN:        It protects you from negative energy.
   Drain:     It drains your maximum health when unequipped.
   Harm:      It increases damage dealt and taken.
 I - a +4 broad axe of freezing
 N - a +3 heavy war axe
 T - a +5 heavy hand axe (weapon)
 U - a +3 heavy battleaxe
Missiles
 r - 2 throwing nets (quivered)
Armour
 b - a +0 animal skin
 d - a +1 pair of gloves
 i - the +0 leather armour "Usustyg" {rN+ Regen+ SInv Stlth-}
   (You found it on level 2 of the Dungeon)

   rN:        It protects you from negative energy.
   SInv:      It lets you see invisible.
   Regen:     It increases your rate of health regeneration.
   Stlth:     It makes you less stealthy.
 j - a +0 scale mail
 o - a +0 cloak
 B - a +0 plate armour
 C - a +0 cloak of stealth
 D - a scarf of repulsion (worn)
 E - a +2 pair of boots (worn)
 L - the +1 plate armour of Beyond (worn) {rElec Slay+3 Stlth+}
   (You found it on level 11 of the Dungeon)

   Slay:      It affects your accuracy & damage with ranged weapons and melee
   (+3).
   rElec:     It insulates you from electricity.
   Stlth:     It makes you more stealthy.
 O - a +2 buckler (worn)
 Q - the +3 Mad Mage's Maulers (worn) {Infuse+∞ VampMP -Cast}
   (You bought it in a shop on level 2 of the Orcish Mines)

   Infuse+∞: It empowers its wearer's blows with all of their magic.
   VampMP:    Blows struck in melee replenish the wearer's magic.
   -Cast:     It prevents spellcasting.
Jewellery
 e - a +6 ring of strength
 l - a ring of see invisible (left hand)
 q - an amulet of the acrobat (around neck)
 G - a +6 ring of strength
 M - the ring of Hatraf (right hand) {rN+ Slay+4 Stlth+}
   (You took it off a minotaur in a Gauntlet)

   [ring of positive energy]

   Slay:      It affects your accuracy & damage with ranged weapons and melee
   (+4).
   rN:        It protects you from negative energy.
   Stlth:     It makes you more stealthy.
 P - a ring of willpower
 S - a ring of resist corrosion
Wands
 u - a wand of flame (36)
 x - a wand of quicksilver (12)
 R - a wand of mindburst (15)
Scrolls
 k - 9 scrolls of teleportation
 s - 3 scrolls of butterflies
 v - 3 scrolls of fear
 w - 4 scrolls of blinking
 F - a scroll of fog
 K - 3 scrolls of identify
 V - a scroll of enchant weapon
Potions
 c - 8 potions of curing
 g - 2 potions of berserk rage
 h - 2 potions of resistance
 m - 4 potions of invisibility
 n - a potion of flight
 p - 6 potions of ambrosia
 H - a potion of cancellation
 J - a potion of heal wounds


   Skills:
 - Level 17.4 Fighting
 + Level 17.7(17.8) Axes
 - Level 1.9(11.7) Maces & Flails
 - Level 0.6(11.6) Polearms
 - Level 16.5 Armour
 - Level 12.9 Dodging
 - Level 15.0 Shields


You had 13 spell levels left.
You didn't know any spells.
Your spell library was empty.

Dungeon Overview and Level Annotations

Branches:
Dungeon (13/15)            Temple (0/1) D:7             Orc (2/2) D:11
    Elf (2/3) Orc:2        Vaults (0/5) D:13          Sewer (visited)
Gauntlet (visited)
   Lair: D:8-11

Altars:
Cheibriados
Nemelex Xobeh

Shops:
D:1 (   D:4 **   D:7 :   D:8 (((?[   D:12 ?(!([   Orc:2 [([[   Elf:1 (=:=


Innate Abilities, Weirdness & Mutations

You have a pair of horns on your head.
You reflexively headbutt those who attack you in melee.
You are partially covered in large bone plates. (SH +4)
You are frail. (-10% HP)
You are strong-willed. (Will+)


Message History

* * * LOW HITPOINT WARNING * * *
You slice the +3 heavy battleaxe!!
The +3 heavy battleaxe falls from the air.
Trog accepts your kill.
You slice the +2 scimitar of draining!! You slice the +2 mace of protection!!
The +2 mace of protection falls from the air.
Trog accepts your kill.
You block the +2 scimitar of draining's attack.
The deep elf knight gestures wildly while chanting.
The deep elf knight flickers and vanishes for a moment.
You slice the deep elf knight!!
The deep elf knight is heavily wounded.
You completely miss the +2 scimitar of draining.
The +2 scimitar of draining hits you!!
* * * LOW HITPOINT WARNING * * *
You partially resist.
You feel drained.
* * * LOW HITPOINT WARNING * * *
The +0 bardiche of pain hits you from afar.
* * * LOW HITPOINT WARNING * * *
You closely miss the +2 scimitar of draining.
The +2 scimitar of draining is severely damaged.
You slice the deep elf knight!!
You feel the power of Trog in you as your rage grows.
You kill the deep elf knight!
Trog accepts your kill.
Trog appreciates your killing of a magic user.
The +2 scimitar of draining hits you but does no damage.
You partially resist.
You slash the +2 scimitar of draining!
The +2 scimitar of draining falls from the air.
Trog accepts your kill.
A deep elf pyromancer comes into view. It is wielding a +0 long sword.
You block the +0 bardiche of pain's attack.
Your life force feels restored.
You slash the deep elf knight! You headbutt the deep elf knight!
The deep elf knight is heavily wounded.
You closely miss the deep elf knight.
The deep elf knight is heavily wounded.
The deep elf knight hits you with a +0 short sword!
You die...

#####
##........
######
##...#.....
.....#
##...###....
.....##
#...## #...
....>.#
##...###....
......##
##...#.....
.......#
##.).......
......##
##..........
......#
#..)@)......
.....##
##..e)...^..
.....#
##...(.....
##'###
#.........
#.#
..........
#.#
...........
#.#
#........e.
#.#
##.........
#.#


You could see a deep elf knight (invisible), a deep elf pyromancer and a +0
bardiche of pain.

Vanquished Creatures
  An orc warlord (Orc:2)
  2 deep elf demonologists (Elf:1)
  A minotaur (Gauntlet)
  A deep elf annihilator (Elf:1)
  An ettin (Orc:1)
  The ghost of PeterLawrence the Fighter, a journeyman MiFi of Okawaru (D:11)
  Josephine (D:11)
  5 vault guards (D:13)
  A hydra (D:13)
  An ogre mage (D:13)
  2 centaur warriors (D:13)
  15 dancing weapons
  A boulder beetle (D:13)
  6 two-headed ogres
  An orc high priest (Orc:2)
  6 deep elf knights
  2 large abominations (Gauntlet)
  5 deep elf archers
  16 deep elf pyromancers
  A necromancer (Gauntlet)
  9 orc knights (Orc:2)
  4 orc sorcerers (Orc:2)
  12 deep elf zephyrmancers
  4 cyclopes
  An ugly thing (D:12)
  2 manticores (D:12)
  Maurice (D:9)
  An unseen horror (D:11)
  2 kobold demonologists (D:12)
  A komodo dragon (D:11)
  A tengu conjurer (D:13)
  An efreet (D:13)
  A yaktaur (D:13)
  4 trolls (Orc:2)
  A queen bee (D:9)
  11 saltlings (Orc:2)
  5 slime creatures (D:13)
  4 yaks
  5 wraiths (D:11)
  A vampire (D:13)
  2 fire bats (D:5)
  A wyvern (D:9)
  2 shadows (D:11)
  A fire elemental (Elf:2)
  A human (D:13)
  Grum (D:8)
  5 vampire mosquitoes (D:13)
  3 wargs (Orc:2)
  18 orc warriors
  A sky beast (D:7)
  2 black bears (D:6)
  7 ogres
  2 ice beasts
  8 wolves
  10 centaurs
  A phantom (D:4)
  4 small abominations (Gauntlet)
  3 kobold brigands
  5 bullfrogs
  4 earth elementals (D:10)
  3 wights (D:8)
  37 killer bees
  7 howler monkeys
  2 jellies
  A hound (D:5)
  13 orc priests
  A sleepcap (D:7)
  2 iguanas
  26 orc wizards
  6 gnolls
  8 adders
  2 shadow imps
  2 white imps (D:8)
  2 ufetubi (D:6)
  3 worms
  4 dart slugs
  86 orcs
  6 bats
  22 endoplasms
  11 giant cockroaches
  5 goblins
  10 hobgoblins
  4 jackals (D:4)
  16 kobolds
  16 quokkas
  13 ball pythons
  12 frilled lizards
  3 rats
  24 pillars of salt (Orc:2)
569 creatures vanquished.

Vanquished Creatures (others)
  An orc priest (Orc:2)
  An orc (Orc:2)
  A kobold (D:12)
3 creatures vanquished.

Grand Total: 572 creatures vanquished

Notes
Turn   | Place    | Note
-------+----------+-------------------------------------------
     0 | D:1      | foufou10 the Minotaur Berserker began the quest for the
                  | Orb.
     0 | D:1      | Reached XP level 1. HP: 19/19 MP: 0/0
     9 | D:1      | Found Mutear's Antique Weapon Shoppe.
    97 | D:1      | Reached XP level 2. HP: 18/27 MP: 1/1
   551 | D:2      | Identified the +0 leather armour "Usustyg" {rN+ Regen+ SInv
                  | Stlth-}
   578 | D:2      | Reached XP level 3. HP: 33/33 MP: 2/2
   799 | D:2      | Reached ** piety under Trog
   800 | D:2      | Reached skill level 5 in Axes
  1692 | D:3      | Reached XP level 4. HP: 40/40 MP: 3/3
  2663 | D:4      | Reached XP level 5. HP: 32/46 MP: 4/4
  2701 | D:4      | Noticed a phantom
  2719 | D:4      | Killed a phantom
  2754 | D:4      | Identified the +1 long sword "Viahioz" {protect, Stlth+}
  2913 | D:4      | Reached *** piety under Trog
  2917 | D:4      | Noticed an ogre
  2922 | D:4      | Killed an ogre
  2923 | D:4      | Reached XP level 6. HP: 52/52 MP: 5/5
  3048 | D:4      | Found Plog's General Store.
  3060 | D:4      | Found Toakh's Specific Store.
  3938 | D:5      | Entered Level 5 of the Dungeon
  4053 | D:5      | Found a glowing drain.
  4059 | Sewer    | Entered a sewer
  4193 | Sewer    | Reached **** piety under Trog
  4289 | Sewer    | Reached XP level 7. HP: 42/58 MP: 6/6
  4575 | D:5      | Found a transporter.
  4593 | D:5      | Found a transporter.
  4593 | D:5      | Noticed a fire bat
  4598 | D:5      | Killed a fire bat
  4599 | D:5      | Noticed a fire bat
  4601 | D:5      | Killed a fire bat
  4977 | D:5      | Identified a scroll of acquirement
  4977 | D:5      | Acquired a manual of Fighting
  5012 | D:5      | Reached XP level 8. HP: 66/66 MP: 7/7
  5316 | D:6      | Reached skill level 10 in Armour
  6103 | D:7      | Found a staircase to the Ecumenical Temple.
  6125 | D:7      | Found Hekhopraete's Book Shoppe.
  6131 | D:7      | Reached XP level 9. HP: 71/71 MP: 8/8
  6255 | D:7      | Gained mutation: You are strong-willed. (Will+) [potion of
                  | mutation]
  6255 | D:7      | Gained mutation: You are frail. (-10% HP) [potion of
                  | mutation]
  6255 | D:7      | Gained mutation: You are partially covered in large bone
                  | plates. (SH +4) [potion of mutation]
  6361 | D:7      | Reached skill level 15 in Armour
  6579 | D:8      | Noticed Grum
  6601 | D:8      | Killed Grum
  6739 | D:8      | Found Quyrim's Antique Weapon Shoppe.
  6772 | D:8      | Found Lalemoyly's Antique Weapon Shoppe.
  6787 | D:8      | Bought a glowing hand axe for 126 gold pieces
  6795 | D:8      | Found Mickygiu's Weapon Emporium.
  6886 | D:8      | Reached skill level 5 in Fighting
  6923 | D:8      | Found Keogreru's Magic Scroll Shoppe.
  6930 | D:8      | Found Xevupyu's Antique Armour Shoppe.
  6935 | D:8      | Reached ***** piety under Trog
  6941 | D:8      | Bought a scroll of enchant weapon for 120 gold pieces
  6941 | D:8      | Bought a scroll of enchant armour for 120 gold pieces
  6941 | D:8      | Bought a scroll of enchant armour for 120 gold pieces
  7226 | D:8      | Reached skill level 10 in Fighting
  7620 | D:9      | Reached XP level 10. HP: 69/87 MP: 9/9
  7781 | D:9      | Noticed a two-headed ogre
  7791 | D:9      | Killed a two-headed ogre
  8721 | D:9      | Noticed Maurice
  8734 | D:9      | Killed Maurice
  8735 | D:9      | Reached skill level 15 in Fighting
  8743 | D:9      | Found a sparkling altar of Nemelex Xobeh.
  9340 | D:10     | Entered Level 10 of the Dungeon
  9354 | D:10     | Received a gift from Trog
  9355 | D:10     | Reached skill level 1 in Maces & Flails
  9357 | D:10     | Reached skill level 10 in Axes
  9577 | D:11     | Found a runed translucent gate.
  9577 | D:11     | Found a runed translucent gate.
  9577 | D:11     | Identified the +1 plate armour of Beyond {rElec Slay+3
                  | Stlth+}
  9591 | D:11     | Found a gate leading to a gauntlet.
  9603 | D:11     | Noticed Josephine
  9618 | D:11     | Reached XP level 11. HP: 77/102 MP: 10/10
  9618 | D:11     | Killed Josephine
  9694 | Gauntlet | Entered a Gauntlet
  9694 | Gauntlet | Noticed a large abomination
  9694 | Gauntlet | Noticed a large abomination
  9694 | Gauntlet | Found a transporter.
  9701 | Gauntlet | Found a transporter.
  9704 | Gauntlet | Found a transporter.
  9705 | Gauntlet | Found a transporter.
  9712 | Gauntlet | Noticed a necromancer
  9716 | Gauntlet | Found a transporter.
  9716 | Gauntlet | Found a transporter.
  9717 | Gauntlet | Found a transporter.
  9726 | Gauntlet | Found a transporter.
  9728 | Gauntlet | Found a transporter.
  9729 | Gauntlet | Found a transporter.
  9733 | Gauntlet | Found a runed translucent door.
  9735 | Gauntlet | Found a runed translucent door.
  9737 | Gauntlet | Found a transporter.
  9740 | Gauntlet | Found a transporter.
  9741 | Gauntlet | Found a transporter.
  9749 | Gauntlet | Found a transporter.
  9749 | Gauntlet | Found the +1 cloak of Starlight {*Dazzle EV+4 Stlth--}
  9873 | Gauntlet | Killed a large abomination
  9881 | Gauntlet | Killed a large abomination
 10040 | Gauntlet | Killed a necromancer
 10096 | Gauntlet | Identified the +9 arbalest of Zirakoqias {antimagic, Contam
                  | Fly rC+ Str+4}
 10096 | Gauntlet | Identified the ring of Hatraf {rN+ Slay+4 Stlth+}
 10096 | Gauntlet | Noticed a minotaur
 10107 | Gauntlet | Killed a minotaur
 10264 | Gauntlet | Identified the staff of cold "Naguinni" {Fly rElec rC+}
 10500 | D:11     | Found a staircase to the Orcish Mines.
 10589 | D:11     | Found a runed translucent gate.
 10590 | D:11     | Noticed PeterLawrence's ghost (journeyman MiFi)
 10635 | D:11     | Killed PeterLawrence's ghost
 11004 | D:12     | Found Ibuazask's Distillery.
 11220 | D:12     | Found Figill Fyeff's Antique Weapon Shop.
 11244 | D:12     | Found Eniront's Armour Emporium.
 11260 | D:12     | Bought a +0 buckler for 54 gold pieces
 11404 | D:12     | Found a snail-covered altar of Cheibriados.
 11496 | D:12     | Found Pydouv's Weapon Emporium.
 11536 | D:12     | Noticed a cyan ugly thing
 11542 | D:12     | Killed a cyan ugly thing
 11543 | D:12     | Reached skill level 5 in Dodging
 11553 | D:12     | Found Ihuwe's Magic Scroll Boutique.
 11816 | D:13     | Reached XP level 12. HP: 112/112 MP: 11/11
 11821 | D:13     | Noticed a two-headed ogre
 11830 | D:13     | Killed a two-headed ogre
 11830 | D:13     | Received a gift from Trog
 11840 | D:13     | Noticed a boulder beetle
 11879 | D:13     | Killed a boulder beetle
 12101 | D:13     | Noticed a six-headed hydra
 12118 | D:13     | Killed an 18-headed hydra
 12464 | D:13     | Noticed a centaur warrior
 12468 | D:13     | Noticed a vault guard
 12481 | D:13     | Killed a centaur warrior
 12484 | D:13     | Reached skill level 10 in Dodging
 12496 | D:13     | Noticed a vault guard
 12503 | D:13     | Noticed an ogre mage
 12519 | D:13     | Killed a vault guard
 12522 | D:13     | Killed an ogre mage
 12561 | D:13     | Noticed a vault guard
 12562 | D:13     | Noticed a vault guard
 12583 | D:13     | Killed a vault guard
 12587 | D:13     | Killed a vault guard
 12650 | D:13     | Found a gate to the Vaults.
 12668 | D:13     | Killed a vault guard
 12688 | D:13     | Noticed a vault guard
 12699 | D:13     | Killed a vault guard
 12944 | D:13     | Noticed a centaur warrior
 12953 | D:13     | Killed a centaur warrior
 13091 | D:13     | Reached skill level 15 in Axes
 13091 | D:13     | Reached XP level 13. HP: 73/119 MP: 12/12
 13356 | Orc:1    | Entered Level 1 of the Orcish Mines
 13793 | Orc:1    | Noticed an ettin
 13799 | Orc:1    | Killed an ettin
 13974 | Orc:2    | Entered Level 2 of the Orcish Mines
 13982 | Orc:2    | Reached ****** piety under Trog
 13982 | Orc:2    | Received a gift from Trog
 13985 | Orc:2    | Paralysed by an orc sorcerer for 4 turns
 14042 | Orc:2    | Found a staircase to the Elven Halls.
 14096 | Orc:2    | Reached skill level 1 in Shields
 14170 | Orc:2    | Reached skill level 5 in Shields
 14984 | Orc:2    | Found Ymmafa's Antique Armour Boutique.
 14984 | Orc:2    | Noticed an orc warlord
 14999 | Orc:2    | Killed an orc warlord
 14999 | Orc:2    | Received a gift from Trog
 15021 | Orc:2    | Found Aqakhen's Antique Weapon Boutique.
 15169 | Orc:2    | Reached skill level 10 in Shields
 15358 | Orc:2    | Found Hiuhupn's Antique Armour Shoppe.
 15364 | Orc:2    | Bought a runed buckler for 180 gold pieces
 15416 | Orc:2    | Found Fuzis's Armour Shop.
 15427 | Orc:2    | Bought the +3 Mad Mage's Maulers {Infuse+∞ VampMP -Cast}
                  | for 600 gold pieces
 15427 | Orc:2    | Found the +3 Mad Mage's Maulers {Infuse+∞ VampMP -Cast}
 15546 | Elf:1    | Entered Level 1 of the Elven Halls
 15560 | Elf:1    | Found Haar's Weapon Boutique.
 15823 | Elf:1    | Noticed a deep elf annihilator
 15823 | Elf:1    | Noticed a deep elf demonologist
 15828 | Elf:1    | Killed a deep elf demonologist
 15829 | Elf:1    | Reached XP level 14. HP: 98/126 MP: 4/13
 16181 | Elf:1    | Found Qushro Uzeil's Jewellery Shop.
 16183 | Elf:1    | Found Ygapeu's Book Shoppe.
 16184 | Elf:1    | Found Cagesm's Jewellery Shop.
 16197 | Elf:1    | Bought a ring of resist corrosion for 400 gold pieces
 16319 | Elf:1    | Received a gift from Trog
 17052 | Elf:1    | You fall into a shaft and drop 1 floor!
 17091 | Elf:2    | Reached skill level 15 in Shields
 17614 | Elf:2    | Found a runed translucent gate.
 17614 | Elf:2    | Found a runed translucent gate.
 17615 | Elf:2    | Found a runed translucent gate.
 17975 | Elf:2    | HP: 7/184 [+0 bardiche of pain (5)]
 17979 | Elf:2    | Slain by a deep elf knight

Illustrated notes

Levels and vault maps discovered:
D:1:      spicycebolla_arrival_xxxplode, layout_rooms, serial_shops, shop,
          st_stairs_6
D:2:      layout_basic, columned_hall_lemuel
D:3:      layout_basic, serial_co_window_serial, co_window_paths_a,
          co_window_paths_a, co_window_of_opportunity_a,
          co_window_of_opportunity_a, co_window_of_opportunity_a,
          co_window_of_opportunity_a, co_window_paths_a, co_window_corner_b,
          co_window_broadway_c, co_window_unsneaky_path_c, co_window_4corner_a,
          glass_columns_b, glass_columns_a, glass_columns_b, glass_columns_c
D:4:      layout_layer_cave, nicolae_specific_store, minmay_circle_x
D:5:      gammafunk_cloud_chamber, layout_loops_ring, gup_sewer_entry_bubbles
D:6:      layout_rooms
D:7:      layout_basic, minmay_temple_entry_glassed_door, serial_shops,
          nicolae_shop_hallway_plus, minmay_misc_feat_iff
D:8:      minmay_bubble_buster, layout_basic, serial_shops, shop, shop,
          nicolae_shop_tiny_glass, shop, nicolae_shop_bloodbath_and_beyond,
          uniq_grum
D:9:      layout_basic, lemuel_crystal_altar, special_room [special_room_bee],
          uniq_maurice
D:10:     minmay_stone_box, layout_irregular_city, dpeg_lair_monsters
D:11:     layout_rooms, orc_0_dummy, ebering_ghost_rock_garden,
          gauntlet_entry_generic, uniq_josephine
D:12:     layout_loops_ring, serial_shops, nicolae_shop_peninsula, shop, shop,
          nicolae_shop_getting_attention, nicolae_shop_industrial_runoff,
          cheibrodos_worm_habitat
D:13:     layout_basic, grunt_vaults_entry_fortified
Orc:1:    layout_caves, minmay_orc_temple_a
Orc:2:    hellmonk_orc_salted, layout_diamond_mine,
          dreamdust_deal_with_the_devil
Elf:1:    layout_loops_corners, serial_shops, shop, hangedman_elf_represent,
          minmay_shop_grove
Elf:2:    elven_hall_of_blades_hangedman_original
          [infiniplex_blade_entry_pillars], layout_geoelf_octagon

Skill      XL: |  1  2  3  4  5  6  7  8  9 10 11 12 13 14 |
---------------+-------------------------------------------+-----
Axes           | 4 5 6 8 9 10 14 15 16 17 | 17.7
Armour         | 8 14 16 | 16.5
Fighting       | 11 17 | 17.4
Maces & Flails | 1 |  1.9
Dodging        | 5 12 | 12.9
Shields        | 11 15 | 15.0
Polearms       | |  0.6

Action                     |  1- 3 |  4- 6 |  7- 9 | 10-12 | 13-15 || total
---------------------------+-------+-------+-------+-------+-------++-------
  Melee: Hand axe          |    72 |   225 |   254 |   502 |    92 ||  1145
         Headbutt          |    15 |    18 |    49 |   128 |    45 ||   255
         Trident           |    17 |       |       |       |       ||    17
         Punch             |       |     2 |     3 |     7 |       ||    12
         War axe           |       |       |       |     5 |   218 ||   223
  Throw: Stone             |     9 |       |       |       |       ||     9
 Invoke: Berserk           |       |     1 |     3 |     5 |     6 ||    15
         Trog's Hand       |       |       |     2 |     2 |     5 ||     9
    Use: Scroll            |     5 |     2 |    12 |    14 |     1 ||    34
         Potion            |     4 |       |     4 |       |       ||     8
 Armour: Animal skin       |    12 |       |       |       |       ||    12
         Leather armour    |    10 |    26 |       |       |       ||    36
         Scale mail        |       |    38 |   101 |    32 |       ||   171
         Plate armour      |       |       |       |   251 |    96 ||   347
  Dodge: Dodged            |    62 |   143 |   157 |   280 |   159 ||   801
         Repelled          |       |       |       |       |     2 ||     2
  Block: Other             |       |       |    26 |    42 |       ||    68
         Buckler           |       |       |       |    54 |   145 ||   199
